Unix NetHack Version 3.7.0-65 Work-in-progress - last build Oct 3 2022 04:20:45 (938f679fcd32a3c70215a73001258fd12811ee3d,branch:master). Game began 2022-10-04 22:17:18, ended 2022-10-04 22:24:41. y4k4r1, chaotic female orcish Barbarian --- . . -.- --- --- |.| --. |..-|.| --..-- |...|.| |....- --- .....-- ..... ... -....| -... --... - -- --...|--.*-----... -# |. --.<.--|....|....- . |.....>.----......- |.- --......^.........-- ---- |.| |......----)......---#--..| |.------------ |.....-- |.........--.|...-- |........^@.....- ......-- --.........[......----..-....---- .....- |........ --..............0...^.....---- ..- ---..|... |..........)..)...----..--- -----.. -------.--.|.|.|.-- ---- --- ------------ Y4k4r1 the Plunderess St:18/02 Dx:16 Co:18 In:7 Wi:8 Ch:6 Chaotic S:394 Dlvl:4 $:108 HP:0(21) Pw:1(1) AC:6 Xp:2/34 T:1331 Burdened Blind Deaf Latest messages: The kitten bites the lichen. The lichen is killed! You miss petrakat's ghost. You miss petrakat's ghost. You miss petrakat's ghost. You miss petrakat's ghost. You miss petrakat's ghost. Petrakat's ghost touches you! The kitten misses petrakat's ghost. The kitten misses petrakat's ghost. Petrakat's ghost touches you! You swap places with your kitten. The kitten misses petrakat's ghost. The kitten misses petrakat's ghost. The kitten misses petrakat's ghost. t - a silver wand. u - a white spellbook. v - a scroll labeled GHOTI. w - a scroll labeled ASHPD SODALG. x - a cyan potion. y - a puce potion. You have a little trouble lifting a square amulet. Continue? [ynq] (q) You have a little trouble lifting z - a square amulet. You have a little trouble lifting A - 2 dark potions. You have a little trouble lifting B - a magenta potion. You have a little trouble lifting C - 2 magenta potions. You have a little trouble lifting D - a scroll labeled ETAOIN SHRDLU. You have a little trouble lifting E - a light blue spellbook. You have a little trouble lifting $ - 91 gold pieces (108 in total). There are many more objects here. You are momentarily blinded by a flash of light! You hear a deafening roar! Your movements are slowed slightly because of your load. It bites! What do you want to drop? [$a-mo-zA-E or ?*] You cannot drop something you are wearing. You were wearing a triangular amulet. It bites! What do you want to drink? [pxyA-C or ?*] Never mind. What do you want to drop? [$a-mo-zA-E or ?*] You drop a triangular amulet. It bites! You feel hemmed in. It bites! You feel feverish. Wait! There's something there you can't see! It bites! You die... Do you want your possessions identified? [ynq] (y) Inventory: Coins $ - 108 gold pieces Amulets z - a cursed amulet of magical breathing Weapons b - a +0 axe (alternate weapon; not wielded) a - a +0 two-handed sword s - a +0 two-handed sword (weapon in hands) Armor i - an uncursed +0 orcish helm (being worn) l - an uncursed +0 pair of leather gloves (being worn) c - an uncursed +0 orcish ring mail (being worn) Comestibles e - 2 uncursed apples d - 2 uncursed food rations m - an uncursed food ration Scrolls v - a cursed scroll of enchant weapon D - a cursed scroll of food detection w - a cursed scroll of identify h - a blessed scroll of light r - an uncursed scroll of light k - a cursed scroll of taming g - an uncursed scroll of teleportation Spellbooks o - a blessed spellbook of create monster u - a cursed spellbook of cure sickness E - a cursed spellbook of healing Potions p - a blessed potion of enlightenment y - a cursed potion of extra healing B - a blessed potion of healing C - 2 cursed potions of healing A - 2 cursed potions of object detection x - a cursed potion of sickness Wands j - a wand of magic missile (0:8) t - a cursed wand of magic missile (0:3) Tools f - an uncursed bell Y4k4r1 the Barbarian's attributes: Background: You were a Plunderess, a level 2 female orcish Barbarian. You were chaotic, nominally on a mission for Set who was opposed by Mitra (lawful) and Crom (neutral). You were in the Gnomish Mines, on level 4. You entered the dungeon 1331 turns ago. It was nighttime. You had 34 experience points, 6 more were needed to attain level 3. Your score was 394 before end-of-game adjustments. Basics: You had 0 out of 21 hit points. You had 1 out of 1 energy points (spell power). Your armor class was 6. Your wallet contained 108 zorkmids. Autopickup was on for '$?!/="+' plus thrown, with exceptions. Final Characteristics: Your strength was 18/02 (limit:18/50). Your dexterity was 16 (limit:18). Your constitution was 18 (limit:18). Your intelligence was 7 (limit:16). Your wisdom was 8 (limit:16). Your charisma was 6 (limit:16). Final Status: You were temporarily blind. You were deaf. You were not hungry. You were burdened; movement was slightly slowed. You were wielding a two-handed sword. You had basic skill with two-handed sword. Final Attributes: You were devoutly aligned. You were poison resistant. You were level-drain resistant. You had infravision. You were warded. You were a werejackal. You were harmed by silver. You are dead. Miscellaneous: You encountered 1 bones level. Total elapsed playing time was 7 minutes and 3 seconds. Major events: Turn 1: y4k4r1 the chaotic female orcish Barbarian entered the dungeon 1009: entered the Gnomish Mines 1331: killed by a jackal Vanquished creatures: a coyote a yellow mold a green mold 2 geckos 5 jackals a fox a goblin a sewer rat 7 grid bugs a bat 2 lichens 3 newts 26 creatures vanquished. No species were genocided or became extinct. Voluntary challenges: You were an atheist. You were illiterate. You never engraved Elbereth. You never genocided any monsters. You never polymorphed an object. You never changed form. You used no wishes. Achievement: You entered the Gnomish Mines. The Dungeons of Doom: levels 1 to 3 Level 1: A grave. Level 2: Level 3: Some fountains. Stairs down to The Gnomish Mines. The Gnomish Mines: Level 4: <- You were here. Final resting place for you, killed by a jackal, petrakat-Mon-Hum-Fem-Cha, killed by a homunculus. Game over: ---------- / \ / REST \ / IN \ / PEACE \ / \ | y4k4r1 | | 108 Au | | killed by a | | jackal | | | | | | 2022 | *| * * * | * _________)/\\_//(\/(/\)/\//\/|_)_______ Goodbye y4k4r1 the Barbarian... You died in The Gnomish Mines on dungeon level 4 with 384 points, and 108 pieces of gold, after 1331 moves. You were level 2 with a maximum of 21 hit points when you died.